AoeStats
← zahariev.pavel

MegaRandom

508059145Analyzed
4v4 RM · 10d ago on Sep 20, 2026· 60m 5s· 8 players
Game mode
Random Map
Map size
Large (8 player)
Population
200
Speed
Normal
Resources
Standard
Victory
Conquest
Starting age
Dark Age
Ending age
Imperial Age
RankedLock teamsTeams togetherTeam positionsShared explorationLock speedFull tech treeHidden civsTurbo modeCheats
Victory
Defeat
🇧🇬 Dravidians · Bulgaria
775
+15
🇧🇬 Malians · Bulgaria
744
+17
🇧🇬 Mongols · Bulgaria
734
+17
🇬🇧 Celts · United Kingdom
689
+19
🇧🇷 Turks · Brazil
778
-18
🇹🇷 Malay · Türkiye
763
-17
🇹🇷 Khmer · Türkiye
757
-17
🇨🇴 Lithuanians · Colombia
734
-16
Raichu
12:32 Feudal Age
17:03 Castle Age
25:01 Double-Bit Axe
25:12 Gold Mining
25:13 Stone Mining
25:06 Horse Collar
32:11 Imperial Age
31:49 Stone Mining
32:34 Gold Shaft Mining
33:39 Elite Ballista Elephant
34:23 Tusk Swords
34:27 Double Crossbow
35:10 Town Watch
36:00 Wheelbarrow
35:10 Loom
36:33 Town Patrol
41:50 Heavy Scorpion
44:12 Chemistry
43:32 Ballistics
47:21 Fortified Wall
Germanico90
13:08 Feudal Age
12:17 Loom
15:56 Double-Bit Axe
17:27 Horse Collar
24:16 Castle Age
22:53 Wheelbarrow
22:37 Stone Mining
22:45 Gold Mining
23:10 Forging
23:41 Town Watch
24:48 Scale Barding Armor
25:26 Bloodlines
27:11 Husbandry
27:27 Heavy Plow
27:54 Light Cavalry
29:20 Iron Casting
37:27 Chain Barding Armor
40:12 Hand Cart
44:38 Elite Skirmisher
46:38 Thumb Ring
OT0XLL
7:00 Loom
13:12 Feudal Age
16:39 Stone Mining
23:32 Castle Age
21:27 Gold Mining
23:54 Double-Bit Axe
25:31 Wheelbarrow
24:42 Loom
28:20 Hand Cart
27:51 Loom
27:52 Town Watch
31:49 Bow Saw
32:20 Horse Collar
35:36 Gold Shaft Mining
40:30 Imperial Age
38:03 Heavy Plow
38:16 Arson
38:32 Squires
42:36 Fletching
42:47 Padded Archer Armor
43:46 Town Patrol
43:13 Elite Janissary
44:55 Bodkin Arrow
45:15 Leather Archer Armor
45:29 Ballistics
50:14 Treadmill Crane
50:38 Bracer
51:08 Ring Archer Armor
Merginator44
0:44 Loom
12:21 Feudal Age
13:32 Horse Collar
14:11 Double-Bit Axe
21:16 Castle Age
19:44 Gold Mining
19:48 Stone Mining
20:13 Scale Barding Armor
20:19 Forging
19:59 Fletching
20:10 Padded Archer Armor
23:50 Bow Saw
26:46 Wheelbarrow
25:57 Town Watch
26:51 Gold Shaft Mining
26:52 Stone Shaft Mining
26:31 Heavy Plow
27:30 Iron Casting
26:51 Bodkin Arrow
27:12 Leather Archer Armor
27:26 Caravan
29:05 Ballistics
28:41 Murder Holes
29:08 Squires
28:54 Arson
28:58 Pikeman
30:26 Treadmill Crane
31:39 Hand Cart
31:25 Town Patrol
30:50 Elite Skirmisher
38:44 Imperial Age
38:05 Husbandry
39:34 Elite Battle Elephant
41:28 Elite Karambit Warrior
41:37 Heavy Scorpion
41:51 Halberdier
43:48 Conscription
48:45 Ring Archer Armor
48:15 Bracer
49:16 Blast Furnace
49:27 Chemistry
48:36 Siege Engineers
48:42 Masonry
50:11 Guilds
zahariev.pavel
4:51 Loom
5:59 Loom
11:14 Feudal Age
13:49 Double-Bit Axe
13:49 Horse Collar
16:45 Wheelbarrow
23:20 Castle Age
22:10 Gold Mining
22:50 Stone Mining
22:26 Man-at-Arms
23:54 Forging
26:31 Bow Saw
27:56 Hand Cart
27:44 Heavy Plow
33:16 Imperial Age
30:50 Long Swordsman
32:19 Scale Mail Armor
32:55 Iron Casting
32:11 Fletching
34:44 Gold Shaft Mining
35:16 Blast Furnace
33:48 Pikeman
37:09 Chain Mail Armor
36:50 Bodkin Arrow
41:14 Plate Mail Armor
40:45 Padded Archer Armor
44:33 Halberdier
44:34 Two-Handed Swordsman
44:59 Gambesons
45:53 Hoardings
44:39 Elite Woad Raider
49:10 Caravan
49:00 Town Watch
51:39 Onager
GRaFa
11:59 Feudal Age
12:33 Double-Bit Axe
17:46 Castle Age
18:05 Gold Mining
17:58 Horse Collar
18:59 Wheelbarrow
18:58 Bow Saw
19:46 Stone Mining
24:54 Loom
29:13 Hand Cart
31:50 Thumb Ring
36:33 Imperial Age
33:43 Crossbowman
35:15 Fletching
35:49 Caravan
36:15 Ballistics
36:26 Bodkin Arrow
36:45 Masonry
38:35 Chemistry
38:55 Conscription
42:26 Padded Archer Armor
44:55 Leather Archer Armor
45:35 Elite Gbeto
gruckiq
8:00 Loom
10:39 Feudal Age
12:34 Double-Bit Axe
22:34 Castle Age
20:58 Man-at-Arms
23:43 Bow Saw
23:16 Horse Collar
24:55 Gambesons
24:31 Long Swordsman
25:50 Heavy Plow
26:05 Forging
26:02 Caravan
29:30 Wheelbarrow
28:40 Town Watch
29:05 Squires
31:18 Husbandry
35:05 Imperial Age
36:08 Scale Mail Armor
36:20 Masonry
35:39 Two-Handed Swordsman
37:29 Chain Mail Armor
37:20 Scale Barding Armor
39:02 Champion
43:27 Conscription
43:33 Ballistics
44:52 Two-Man Saw
43:45 Gold Mining
44:19 Chain Barding Armor
44:30 Plate Mail Armor
47:31 Pikeman
49:34 Medical Corps
51:18 Chemistry
51:12 Halberdier
57:42 Fletching
svetoslavivanov1
0:59 Loom
12:36 Feudal Age
15:00 Double-Bit Axe
15:04 Horse Collar
19:48 Castle Age
29:13 Heavy Plow
32:16 Bow Saw
35:54 Imperial Age
36:56 Wheelbarrow
36:23 Gold Mining
36:24 Stone Mining
37:07 Caravan
37:09 Padded Archer Armor
37:01 Fletching
40:00 Chemistry
39:12 Murder Holes
40:21 Elite Steppe Lancer
41:03 Elite Mangudai
42:31 Hand Cart
55:41 Conscription
Connection lost

Rejoining the realm…

Still unreachable

The connection could not be restored.

Session expired

The server has moved on; the page needs a fresh start.